 Dungeon Sprint DCSS version 0.17-a0-1450-g7e755d1 (webtiles) character file.

198587 shklvsk the Slayer (level 16, -1/165 (166) HPs)
             Began as a Demonspawn Abyssal Knight on June 30, 2015.
             Was the Champion of Lugonu.
             Engulfed by Gloorx Vloq's foul pestilence (8 damage)
             ... in the Dungeon (Sprint IX: "|||||||||||||||||||||||||||||").
             The game lasted 00:56:40 (13426 turns).

shklvsk the Slayer (Demonspawn Abyssal Knight)     Turns: 13426, Time: 00:56:40

HP:   -1/165 (166)  AC: 44    Str: 15    XL:     16   Next: 62%
MP:   29/29         EV: 13    Int: 15    God:    Lugonu [******]
Gold: 46            SH:  0    Dex: 18    Spells: 0 memorised, 15 levels left

rFire  + . .     SeeInvis +     P - +9 demon whip (distort)
rCold  + + .     Clarity  .     n - +6 plate armour of the Chupacabra {Slay+2}
rNeg   . . .     SustAt   .     (no shield)
rPois  +         Gourm    .     (helmet unavailable)
rElec  +         Spirit   .     o - +0 cloak
rCorr  +         Warding  .     p - +1 pair of gloves {Dex+3}
rMut   .         NoTele   +     Q - +0 pair of boots of the Storm King {rElec rC+ Int+2}
MR     +....                    L - amulet of regeneration
Stlth  ..........               x - ring of poison resistance
                                e - +2 ring of slaying

@: resistant, marked, very slightly contaminated, slowed, drained, very slow,
somewhat resistant to hostile enchantments, extremely unstealthy
A: antennae 3, rough black scales 3, nightstalker 2, spiny 2
a: Bend Space, Banish, Corrupt, Renounce Religion
}: 4/15 runes: decaying, serpentine, barnacled, gossamer


You were in the Dungeon.
You worshipped Lugonu.
Lugonu was exalted by your worship.
You were hungry.

You visited 1 branch You collected 1800 gold pieces.
You spent 1754 gold pieces at shops.

Inventory:

Hand weapons
 m - a +2 dire flail of venom
 P - a +9 demon whip of distortion (weapon)
Armour
 n - the +6 plate armour of the Chupacabra (worn) {Slay+2}
   (You bought it in a shop in the Dungeon)

   It affects your accuracy and damage with ranged weapons and melee attacks
   (+2).
 o - a +0 cloak (worn)
 p - a +1 pair of gloves of dexterity (worn)
 u - a +0 shield of fire resistance
 z - the +2 plate armour of the Prince of Darkness {*Confuse rC+++ rN+ Int-5}
   (You bought it in a shop in the Dungeon)

   It affects your intelligence (-5).
   It renders you almost immune to cold.
   It protects you from negative energy.
   It may confuse you when you take damage.
 E - a +1 fire dragon armour
 Q - the +0 pair of boots of the Storm King (worn) {rElec rC+ Int+2}
   (You found it in the Dungeon)

   It affects your intelligence (+2).
   It protects you from cold.
   It insulates you from electricity.
 R - a +1 hat
 S - a +3 plate armour of magic resistance
Jewellery
 a - a +3 ring of dexterity
 b - a +2 ring of protection
 e - a +2 ring of slaying (left hand)
 x - a ring of poison resistance (right hand)
 A - an uncursed ring of protection from fire
 B - an uncursed ring of protection from magic
 C - an uncursed ring of wizardry
 L - an amulet of regeneration (around neck)
 M - a +3 ring of intelligence
 N - a +6 ring of dexterity
 O - a +2 ring of slaying
Magical devices
 l - a wand of cold (0)
 q - a wand of confusion (23)
 y - a wand of slowing (15)
Scrolls
 i - 2 scrolls of blinking
 j - 7 scrolls of remove curse
 k - 2 scrolls of amnesia
 s - 2 scrolls of enchant weapon
 t - 3 scrolls of identify
 F - 2 scrolls of enchant armour
 J - 2 scrolls of fog
 K - 2 scrolls of fear
 T - 2 scrolls of recharging
Potions
 d - 6 potions of curing
 g - 4 potions of magic
 h - a potion of invisibility
 r - 2 potions of cure mutation
 G - a potion of resistance
 I - a potion of might
Comestibles
 c - 9 bread rations
 v - 38 fruits
 w - 9 meat rations


   Skills:
 + Level 26.7(25.3) Fighting
 - Level 15.1(14.0) Maces & Flails
 + Level 25.7(24.3) Armour
 * Level 14.1(12.9) Dodging
 - Level 3.1(2.2) Stealth
 - Level 12.0(11.0) Invocations
 * Level 19.0(17.7) Evocations


You had 15 spell levels left.
You didn't know any spells.

Dungeon Overview and Level Annotations

Branches:
Dungeon (1/1)

Altars:
Cheibriados
Dithmenos
Elyvilon
Fedhas
Gozag
Kikubaaqudgha
Makhleb
Nemelex Xobeh
Okawaru
Qazlal
Ru
Sif Muna
Trog
Vehumet
Xom
Yredelemnul
Zin
The Shining One
Beogh
Jiyva
Lugonu

Shops:
D (}?[

Annotations:
D Gloorx Vloq, Ilsuiw


Innate Abilities, Weirdness & Mutations

You have a pair of large antennae on your head (SInv).
You are completely covered in rough black scales (AC +10, Dex -3).
You are significantly more attuned to the shadows.
You are mostly covered in sharp spines.


Message History

Gloorx Vloq hits you but does no damage.
Drink which item? (? for menu, Esc to quit)
You feel better.
You are engulfed in dark miasma.
You feel your flesh rotting away!
You feel ill.
You feel as though you will be slow longer.
* * * LOW HITPOINT WARNING * * *
Gloorx Vloq calls on the powers of darkness!
You feel a surge of unholy energy.
Gloorx Vloq hits you but does no damage.
Gloorx Vloq gestures at you. The poison arrow hits you!
You are lethally poisoned!
Use which ability? (? or * to list)
Okay, then.
Drink which item? (? for menu, Esc to quit)
You feel better.
You are engulfed in dark miasma.
You feel your flesh rotting away!
You feel as though you will be slow longer.
You die...

▓▓▓▓▓▓▓▓▓▓▓▓▓▓▓▓▓▓▓▓
▓.§§▓)((▓...▓...▓...
▓)▓.▓.▓(▓.▓.▓.▓.▓.▓.
▓.▓.▓.▓.▓.▓.▓.▓.▓.▓.
▓.▓)▓.▓.▓.▓.▓.▓)▓.▓.
▓.▓.▓.▓.▓.▓.▓.▓)▓.▓.
{
{▓§▓&▓.▓.▓.▓.▓.▓(▓.▓.
{
{▓§▓@▓.▓)▓.▓.▓.▓.▓.▓.
{▓§▓)▓)▓.▓.▓.▓.▓.▓.▓.
{ {
▓&▓.▓)▓.▓.▓.▓.▓.▓.▓.
{
▓§▓.▓)▓.▓.▓.▓.▓.▓.▓.
{
▓'▓.▓)▓.▓.▓.▓.▓.▓.▓.
▓)▓.▓)▓.▓.▓.▓.▓(▓.▓.
{
▓§▓.▓)▓.▓'▓.▓.▓.▓.▓.
{
▓§▓.▓)▓.▓.▓.▓.▓.▓.▓.
{
▓§▓.▓.▓.▓.▓)▓.▓.▓.▓.


You could see Gloorx Vloq.

Vanquished Creatures
  Mennas (D)
  Frederick (D)
  Norris (D)
  Jory (D)
  Xtahua (D)
  A tentacled monstrosity (D)
  Gastronok (D)
  A thorn hunter (D)
  A storm dragon (D)
  A shadow dragon (D)
  7 greater nagas (D)
  An iron dragon (D)
  3 ghost moths (D)
  3 emperor scorpions (D)
  2 vault wardens (D)
  4 ironheart preservers (D)
  3 stone giants (D)
  6 merfolk impalers (D)
  3 merfolk javelineers (D)
  A fire dragon (D)
  An ettin (D)
  14 vault guards (D)
  A yaktaur captain (D)
  An ice dragon (D)
  A rakshasa (D)
  2 naga warriors (D)
  7 hydras (D)
  3 centaur warriors (D)
  A merfolk avatar (D)
  An alligator (D)
  4 merfolk aquamancers (D)
  4 deep troll earth magi (D)
  A tengu warrior (D)
  An orc high priest (D)
  An unseen horror (D)
  An iron troll (D)
  A sea snake (D)
  A deep troll (D)
  2 ironbrand convokers (D)
  2 naga ritualists (D)
  4 swamp dragons (D)
  6 hill giants (D)
  4 orc knights (D)
  A deep elf conjurer (D)
  A mana viper (D)
  A griffon (D)
  3 wolf spiders (D)
  3 cyclopes (D)
  An orb spider (D)
  A faun (shapeshifter) (D)
  2 moths of wrath (D)
  An ugly thing (D)
  8 elephants (D)
  A siren (D)
  2 guardian serpents (D)
  2 vault sentinels (D)
  A torpor snail (D)
  4 naga magi (D)
  A black mamba (D)
  3 demonic crawlers (D)
  4 yaktaurs (D)
  A fire drake (D)
  A spiny frog (D)
  A merfolk (D)
  A tengu conjurer (D)
  2 freezing wraiths (D)
  2 trolls (D)
  A two-headed ogre (D)
  3 jumping spiders (D)
  A polar bear (shapeshifter) (D)
  2 bog bodies (D)
  A blink frog (D)
  2 spriggans (D)
  A wraith (D)
  A wyvern (D)
  A redback (D)
  2 yaks (D)
  Eustachio (D)
  3 basilisks (D)
  A vampire mosquito (D)
  A mottled dragon (D)
  A deep elf fighter (D)
  2 nagas (D)
  A black bear (shapeshifter) (D)
  A porcupine (D)
  A spider (D)
  3 centaurs (D)
  An eye of draining (D)
  7 orc warriors (D)
  A phantom (D)
  2 swamp drakes (D)
  A wasp (D)
  3 crocodiles (D)
  A giant frog (D)
  3 wights (D)
  2 crimson imps (D)
  6 orc priests (D)
  2 orc wizards (D)
  A worker ant (D)
  A sheep (D)
  A river rat (D)
  A giant gecko (D)
  6 orcs (D)
  2 bat skeletons (D)
  A giant cockroach (D)
  A goblin (D)
  2 hobgoblins (D)
  3 kobolds (D)
  A bat (D)
  A rat (D)
235 creatures vanquished.

Vanquished Creatures (others)
  An emperor scorpion (D)
  A stone giant (D)
  A fire dragon (D)
  A vault guard (D)
  A naga warrior (D)
  2 hydras (D)
  2 entropy weavers (D)
  3 ogre magi (D)
  A deep troll earth mage (D)
  A satyr (D)
  An orc high priest (D)
  A shadow wraith (D)
  A deep troll (D)
  An orc knight (D)
  A necromancer (D)
  2 black mambas (D)
  A freezing wraith (D)
  A snapping turtle (D)
  2 plants (D)
25 creatures vanquished.

Grand Total: 260 creatures vanquished

Notes
Turn   | Place    | Note
--------------------------------------------------------------
     0 | D        | shklvsk the Demonspawn Abyssal Knight began the quest for the Orb.
     0 | D        | Reached XP level 1. HP: 18/18 MP: 2/2
     8 | D        | Banished a spatial maelstrom
    17 | D        | Acquired Lugonu's second power
    19 | D        | Reached skill level 1 in Dodging
   155 | D        | Noticed a worker ant
   158 | D        | Acquired Lugonu's third power
   160 | D        | Gained mutation: You are partially covered in sharp spines. [demonic ancestry]
   160 | D        | Reached XP level 2. HP: 24/24 MP: 4/4
   166 | D        | Killed a worker ant
   166 | D        | Acquired Lugonu's fourth power
   166 | D        | Reached skill level 4 in Maces & Flails
   166 | D        | Gained mutation: You have a pair of small antennae on your head. [demonic ancestry]
   166 | D        | Reached XP level 3. HP: 22/29 MP: 4/6
   554 | D        | Found a glowing silver altar of Zin.
   554 | D        | Found a glowing golden altar of the Shining One.
   554 | D        | Found an ancient bone altar of Kikubaaqudgha.
   554 | D        | Found a basalt altar of Yredelemnul.
   554 | D        | Found a shimmering altar of Xom.
   554 | D        | Found a radiant altar of Vehumet.
   555 | D        | Found an iron altar of Okawaru.
   556 | D        | Found a burning altar of Makhleb.
   557 | D        | Found a deep blue altar of Sif Muna.
   558 | D        | Found a bloodstained altar of Trog.
   559 | D        | Found a sparkling altar of Nemelex Xobeh.
   560 | D        | Found a white marble altar of Elyvilon.
   561 | D        | Found a roughly hewn altar of Beogh.
   562 | D        | Found a viscous altar of Jiyva.
   563 | D        | Found a corrupted altar of Lugonu.
   564 | D        | Found a blossoming altar of Fedhas.
   565 | D        | Found a snail-covered altar of Cheibriados.
   566 | D        | Found a shadowy altar of Dithmenos.
   567 | D        | Found a stormy altar of Qazlal.
   568 | D        | Found an opulent altar of Gozag.
   569 | D        | Found a sacrificial altar of Ru.
   624 | D        | Noticed an eye of draining
   624 | D        | Noticed a wight
   624 | D        | Noticed a wraith
   631 | D        | Killed an eye of draining
   631 | D        | Reached skill level 6 in Maces & Flails
   631 | D        | Reached skill level 1 in Stealth
   631 | D        | Reached skill level 5 in Invocations
   631 | D        | Gained mutation: You have a pair of antennae on your head. [demonic ancestry]
   631 | D        | Reached XP level 4. HP: 32/35 MP: 0/7
   635 | D        | Killed a wight
   635 | D        | Reached skill level 7 in Maces & Flails
   635 | D        | Gained mutation: You are partially covered in rough black scales (AC +4, Dex -1). [demonic ancestry]
   635 | D        | Reached XP level 5. HP: 37/41 MP: 0/9
   643 | D        | Killed a wraith
   643 | D        | Acquired Lugonu's fifth power
   643 | D        | Reached skill level 9 in Maces & Flails
   643 | D        | Reached skill level 5 in Armour
   643 | D        | Gained mutation: You are slightly more attuned to the shadows. [demonic ancestry]
   643 | D        | Reached XP level 6. HP: 30/47 MP: 1/10
   762 | D        | Noticed a giant frog
   762 | D        | Noticed a seven-headed hydra
   762 | D        | Noticed a phantom
   762 | D        | Noticed a centaur
   763 | D        | Noticed a cyclops
   768 | D        | Banished a seven-headed hydra
   768 | D        | Reached skill level 11 in Maces & Flails
   768 | D        | Gained mutation: You are significantly more attuned to the shadows. [demonic ancestry]
   768 | D        | Reached XP level 7. HP: 52/52 MP: 10/12
   771 | D        | Killed a giant frog
   776 | D        | Killed a centaur
   783 | D        | Killed a cyclops
   783 | D        | Reached skill level 5 in Fighting
   783 | D        | Reached skill level 5 in Dodging
   783 | D        | Reached XP level 8. HP: 58/63 MP: 7/14
   798 | D        | Killed a phantom
   798 | D        | Reached skill level 12 in Maces & Flails
   943 | D        | Noticed a basilisk
   943 | D        | Noticed a black mamba
   943 | D        | Noticed a yak
   944 | D        | Noticed a basilisk
   960 | D        | Killed a basilisk
   961 | D        | Banished a black mamba
   967 | D        | Killed a yak
   968 | D        | Noticed a spiny frog
   970 | D        | Noticed a basilisk
   973 | D        | Noticed a crocodile
   980 | D        | Killed a basilisk
   984 | D        | Noticed an eight-headed hydra
  1093 | D        | Banished an eight-headed hydra
  1093 | D        | Reached skill level 13 in Maces & Flails
  1093 | D        | Reached XP level 9. HP: 50/72 MP: 10/16
  1099 | D        | Killed a spiny frog
  1099 | D        | Reached skill level 10 in Invocations
  1106 | D        | Killed a basilisk
  1143 | D        | Killed a crocodile
  1306 | D        | Noticed a black mamba
  1306 | D        | Noticed a porcupine
  1306 | D        | Noticed a crocodile
  1311 | D        | Banished a black mamba
  1314 | D        | Killed a porcupine
  1314 | D        | Reached skill level 14 in Maces & Flails
  1318 | D        | Killed a crocodile
  1458 | D        | Noticed a fire drake
  1459 | D        | Noticed a crocodile
  1460 | D        | Noticed a wyvern
  1465 | D        | Killed a fire drake
  1466 | D        | Noticed a black mamba
  1469 | D        | Noticed a yak
  1471 | D        | Killed a crocodile
  1477 | D        | Killed a wyvern
  1480 | D        | Killed a black mamba
  1484 | D        | Killed a yak
  1484 | D        | Reached XP level 10. HP: 47/80 MP: 18/18
  1690 | D        | Noticed an elephant
  1690 | D        | Noticed an elephant
  1690 | D        | Noticed an elephant
  1690 | D        | Noticed an elephant
  1691 | D        | Noticed an elephant
  1700 | D        | Killed an elephant
  1709 | D        | Killed an elephant
  1709 | D        | Reached skill level 15 in Maces & Flails
  1717 | D        | Killed an elephant
  1722 | D        | Noticed an elephant
  1728 | D        | Killed an elephant
  1738 | D        | Killed an elephant
  1743 | D        | Noticed an elephant
  1751 | D        | Killed an elephant
  1765 | D        | Killed an elephant
  1766 | D        | Noticed an elephant
  1782 | D        | Killed an elephant
  1782 | D        | Reached skill level 10 in Armour
  2093 | D        | Noticed Eustachio
  2107 | D        | Killed Eustachio
  2107 | D        | Reached skill level 5 in Evocations
  2192 | D        | Noticed an orc priest
  2192 | D        | Noticed an orc priest
  2192 | D        | Noticed an orc warrior
  2192 | D        | Noticed an orc priest
  2193 | D        | Noticed an orc priest
  2195 | D        | Killed an orc priest
  2197 | D        | Killed an orc priest
  2198 | D        | Noticed an orc priest
  2202 | D        | Killed an orc warrior
  2203 | D        | Killed an orc priest
  2206 | D        | Noticed an orc wizard
  2206 | D        | Killed an orc priest
  2212 | D        | Noticed an orc priest
  2213 | D        | Killed an orc priest
  2214 | D        | Killed an orc wizard
  2214 | D        | Reached skill level 10 in Fighting
  2228 | D        | Killed an orc priest
  2557 | D        | Noticed an orc wizard
  2564 | D        | Killed an orc wizard
  2569 | D        | Noticed an orc warrior
  2569 | D        | Noticed an orc warrior
  2569 | D        | Noticed an orc warrior
  2569 | D        | Noticed an orc knight
  2583 | D        | Killed an orc warrior
  2594 | D        | Banished an orc knight
  2597 | D        | Killed an orc warrior
  2601 | D        | Killed an orc warrior
  2601 | D        | Reached XP level 11. HP: 89/91 MP: 15/20
  2603 | D        | Noticed an orc knight
  2615 | D        | Killed an orc knight
  2618 | D        | Noticed an orc knight
  2637 | D        | Killed an orc knight
  2807 | D        | Noticed an orc high priest
  2808 | D        | Noticed an orc warrior
  2811 | D        | Noticed an orc warrior
  2811 | D        | Banished an orc high priest
  2822 | D        | Killed an orc warrior
  2824 | D        | Noticed an orc high priest
  2826 | D        | Killed an orc warrior
  2829 | D        | Noticed an orc warrior
  2837 | D        | Killed an orc high priest
  2847 | D        | Killed an orc warrior
  2949 | D        | Noticed an iron troll
  2949 | D        | Noticed an ogre mage
  2949 | D        | Noticed a hill giant
  2949 | D        | Noticed a hill giant
  2970 | D        | Banished an ogre mage
  3027 | D        | Killed an iron troll
  3039 | D        | Killed a hill giant
  3277 | D        | Killed a hill giant
  3300 | D        | Noticed a hill giant
  3310 | D        | Killed a hill giant
  3323 | D        | Found Tuqutah's Antique Weapon Emporium.
  3327 | D        | Noticed a deep troll
  3327 | D        | Found Daceicy's Gadget Shoppe.
  3328 | D        | Noticed a stone giant
  3336 | D        | Noticed a troll
  3336 | D        | Banished a deep troll
  3348 | D        | Killed a stone giant
  3348 | D        | Reached skill level 10 in Dodging
  3350 | D        | Found Cata Hiz's Magic Scroll Emporium.
  3355 | D        | Killed a troll
  3618 | D        | Found Hoesaple's Antique Armour Shoppe.
  3620 | D        | Noticed a hill giant
  3621 | D        | Noticed a deep troll
  3622 | D        | Noticed an ogre mage
  3626 | D        | Noticed a troll
  3628 | D        | Killed a hill giant
  3693 | D        | Killed a deep troll
  3719 | D        | Killed a troll
  3730 | D        | Killed an ogre mage
  4001 | D        | Noticed an ogre mage
  4003 | D        | Banished an ogre mage
  4003 | D        | Gained mutation: You are mostly covered in rough black scales (AC +7, Dex -2). [demonic ancestry]
  4003 | D        | Reached XP level 12. HP: 102/105 MP: 16/21
  4074 | D        | Bought a scorched plate armour for 812 gold pieces
  4084 | D        | Identified the +6 plate armour of the Chupacabra {Slay+2} (You bought it in a shop in the Dungeon)
  4084 | D        | Bought a pair of runed gloves for 130 gold pieces
  4084 | D        | Bought an ichor-stained plate armour for 812 gold pieces
  4106 | D        | Identified the +2 plate armour of the Prince of Darkness {*Confuse rC+++ rN+ Int-5} (You bought it in a shop in the Dungeon)
  4138 | D        | Noticed Gastronok
  4183 | D        | Killed Gastronok
  4318 | D        | Noticed Sonja
  4319 | D        | Banished Sonja
  4466 | D        | Noticed a two-headed ogre
  4466 | D        | Noticed a crimson imp
  4466 | D        | Noticed a hill giant
  4466 | D        | Noticed a wight
  4467 | D        | Noticed a cyclops
  4472 | D        | Killed a two-headed ogre
  4478 | D        | Killed a hill giant
  4480 | D        | Noticed a wight
  4480 | D        | Killed a crimson imp
  4491 | D        | Noticed a crimson imp
  4494 | D        | Killed a cyclops
  4500 | D        | Killed a wight
  4503 | D        | Killed a wight
  4504 | D        | Noticed a tengu conjurer
  4514 | D        | Killed an unseen horror
  4519 | D        | Killed a tengu conjurer
  4526 | D        | Killed a crimson imp
  4620 | D        | Noticed an entropy weaver
  4622 | D        | Banished an entropy weaver
  4622 | D        | Reached skill level 15 in Armour
  4623 | D        | Noticed a deep troll earth mage
  4661 | D        | Killed a deep troll earth mage
  4661 | D        | Reached skill level 10 in Evocations
  4685 | D        | Noticed a deep troll earth mage
  4737 | D        | Killed a deep troll earth mage
  4819 | D        | Noticed a rakshasa
  4825 | D        | Noticed a purple ugly thing
  4832 | D        | Killed a rakshasa
  4845 | D        | Killed a purple ugly thing
  4949 | D        | Noticed a vampire mosquito
  4949 | D        | Noticed a thorn hunter
  4949 | D        | Noticed a swamp drake
  4955 | D        | Killed a vampire mosquito
  4976 | D        | Killed a thorn hunter
  4976 | D        | Reached skill level 16 in Armour
  5189 | D        | Noticed a bog body
  5198 | D        | Killed a swamp drake
  5201 | D        | Killed a bog body
  5204 | D        | Noticed a spriggan rider
  5211 | D        | Killed a spriggan
  5212 | D        | Killed a wasp
  5216 | D        | Noticed an alligator
  5218 | D        | Noticed a blink frog
  5230 | D        | Killed an alligator
  5232 | D        | Killed a blink frog
  5232 | D        | Reached skill level 15 in Fighting
  5376 | D        | Noticed a naga warrior
  5376 | D        | Noticed a naga
  5376 | D        | Noticed a shock serpent
  5376 | D        | Noticed a naga ritualist
  5377 | D        | Banished a naga warrior
  5378 | D        | Noticed a mana viper
  5379 | D        | Noticed a greater naga
  5383 | D        | Killed a naga
  5387 | D        | Banished a shock serpent
  5388 | D        | Noticed a guardian serpent
  5397 | D        | Noticed a naga ritualist
  5400 | D        | Killed a greater naga
  5400 | D        | Gained mutation: You are completely covered in rough black scales (AC +10, Dex -3). [demonic ancestry]
  5400 | D        | Reached XP level 13. HP: 80/116 MP: 15/22
  5405 | D        | Noticed a naga mage
  5410 | D        | Killed a naga mage
  5410 | D        | Reached skill level 17 in Armour
  5412 | D        | Killed a naga ritualist
  5413 | D        | Killed a guardian serpent
  5415 | D        | Killed a naga ritualist
  5423 | D        | Killed a mana viper
  5795 | D        | Noticed a centaur
  5795 | D        | Noticed a merfolk impaler
  5795 | D        | Noticed a snapping turtle
  5795 | D        | Noticed a sea snake
  5796 | D        | Noticed a satyr
  5806 | D        | Killed a merfolk impaler
  5807 | D        | Banished a snapping turtle
  5810 | D        | Noticed a centaur
  5814 | D        | Killed a sea snake
  5815 | D        | Banished a satyr
  5816 | D        | Noticed a merfolk impaler
  5818 | D        | Killed a centaur
  5820 | D        | Noticed a merfolk
  5820 | D        | Killed a centaur
  5824 | D        | Noticed a siren
  5829 | D        | Killed a merfolk impaler
  5836 | D        | Killed a merfolk
  5842 | D        | Killed a siren
  6082 | D        | Noticed an orb spider
  6082 | D        | Noticed a spider
  6082 | D        | Noticed a redback
  6082 | D        | Noticed a demonic crawler
  6089 | D        | Killed an orb spider
  6089 | D        | Reached skill level 18 in Armour
  6091 | D        | Killed a spider
  6094 | D        | Killed a redback
  6107 | D        | Killed a demonic crawler
  6109 | D        | Noticed a torpor snail
  6110 | D        | Noticed a jumping spider
  6112 | D        | Noticed a wolf spider
  6112 | D        | Killed a jumping spider
  6113 | D        | Noticed a wolf spider
  6123 | D        | Killed a torpor snail
  6130 | D        | Killed a wolf spider
  6140 | D        | Killed a wolf spider
  6251 | D        | Noticed a demonic crawler
  6259 | D        | Killed a demonic crawler
  6381 | D        | Noticed an entropy weaver
  6381 | D        | Noticed a yaktaur
  6381 | D        | Noticed a yaktaur
  6381 | D        | Noticed a tengu warrior
  6382 | D        | Banished an entropy weaver
  6383 | D        | Noticed a centaur warrior
  6386 | D        | Noticed a tentacled monstrosity
  6386 | D        | Killed a yaktaur
  6388 | D        | Noticed a fire dragon
  6393 | D        | Killed a yaktaur
  6436 | D        | Killed a tentacled monstrosity
  6445 | D        | Killed a tengu warrior
  6453 | D        | Killed a centaur warrior
  6453 | D        | Reached skill level 19 in Armour
  6466 | D        | Banished a fire dragon
  6669 | D        | Noticed a sphinx
  6669 | D        | Banished a sphinx
  6723 | D        | Noticed a deep troll earth mage
  6725 | D        | Noticed an ice dragon
  6735 | D        | Killed a deep troll earth mage
  6736 | D        | Noticed an iron dragon
  6740 | D        | Noticed a stone giant
  6748 | D        | Noticed a stone giant
  6751 | D        | Noticed a deep troll earth mage
  6769 | D        | Killed an ice dragon
  7238 | D        | Killed a stone giant
  7243 | D        | Banished a stone giant
  7274 | D        | Noticed a stone giant
  7279 | D        | Killed a deep troll earth mage
  7295 | D        | Killed a stone giant
  7298 | D        | Noticed a deep troll earth mage
  7298 | D        | Noticed a necromancer
  7302 | D        | Banished a deep troll earth mage
  7304 | D        | Banished a necromancer
  7304 | D        | Reached XP level 14. HP: 66/130 MP: 11/23
  7693 | D        | Noticed an orc knight
  7693 | D        | Noticed a griffon
  7693 | D        | Noticed a mottled dragon
  7693 | D        | Noticed a centaur warrior
  7694 | D        | Noticed an ironheart preserver
  7706 | D        | Killed an orc knight
  7710 | D        | Noticed a centaur warrior
  7714 | D        | Killed a griffon
  7714 | D        | Reached skill level 20 in Armour
  7718 | D        | Noticed a cyclops
  7719 | D        | Killed a mottled dragon
  7728 | D        | Noticed a vault warden
  7731 | D        | Killed a centaur warrior
  7741 | D        | Killed an ironheart preserver
  7751 | D        | Killed a vault warden
  7755 | D        | Noticed a deep elf knight
  7757 | D        | Killed a centaur warrior
  7758 | D        | Noticed an ironheart preserver
  7758 | D        | Noticed a hill giant
  7762 | D        | Noticed an orc knight
  7762 | D        | Killed a cyclops
  7765 | D        | Banished a deep elf knight
  7781 | D        | Killed an ironheart preserver
  7785 | D        | Killed a hill giant
  7795 | D        | Killed an orc knight
  7984 | D        | Noticed a vault warden
  7992 | D        | Noticed a fire dragon
  8014 | D        | Killed a vault warden
  8034 | D        | Killed a fire dragon
  8035 | D        | Noticed a deep elf fighter
  8036 | D        | Noticed a yaktaur captain
  8037 | D        | Noticed a freezing wraith
  8040 | D        | Killed a deep elf fighter
  8048 | D        | Killed a yaktaur captain
  8051 | D        | Killed a freezing wraith
  8389 | D        | Noticed an ettin
  8390 | D        | Noticed a deep elf conjurer
  8391 | D        | Noticed an ironheart preserver
  8393 | D        | Noticed an ironheart preserver
  8400 | D        | Killed an ettin
  8405 | D        | Killed a deep elf conjurer
  8405 | D        | Reached skill level 21 in Armour
  8423 | D        | Killed an ironheart preserver
  8432 | D        | Killed an ironheart preserver
  8683 | D        | Noticed Xtahua
  8690 | D        | Noticed Norris
  8698 | D        | Killed Xtahua
  8700 | D        | Killed Norris
  9053 | D        | Got the +0 pair of boots of the Storm King {rElec rC+ Int+2}
  9154 | D        | Noticed Jory
  9191 | D        | Killed Jory
  9214 | D        | Noticed Frederick
  9244 | D        | Killed Frederick
  9244 | D        | Reached skill level 22 in Armour
  9244 | D        | Reached skill level 15 in Evocations
  9326 | D        | Noticed a greater naga
  9326 | D        | Noticed a naga warrior
  9326 | D        | Noticed a naga
  9326 | D        | Noticed a greater naga
  9329 | D        | Noticed a greater naga
  9341 | D        | Killed a greater naga
  9341 | D        | Gained mutation: You have a pair of large antennae on your head (SInv). [demonic ancestry]
  9341 | D        | Reached XP level 15. HP: 128/146 MP: 26/26
  9342 | D        | Noticed a greater naga
  9349 | D        | Killed a greater naga
  9350 | D        | Noticed a greater naga
  9359 | D        | Killed a greater naga
  9360 | D        | Noticed a naga mage
  9371 | D        | Killed a greater naga
  9372 | D        | Noticed a naga warrior
  9375 | D        | Killed a naga warrior
  9376 | D        | Noticed a naga mage
  9383 | D        | Killed a greater naga
  9385 | D        | Killed a naga
  9386 | D        | Noticed a naga mage
  9389 | D        | Noticed a guardian serpent
  9390 | D        | Noticed a greater naga
  9586 | D        | Killed a naga mage
  9616 | D        | Killed a naga mage
  9639 | D        | Killed a greater naga
  9647 | D        | Killed a naga mage
  9665 | D        | Killed a naga warrior
  9669 | D        | Killed a guardian serpent
  9672 | D        | Got a serpentine rune of Zot
  9715 | D        | Noticed a seven-headed hydra
  9715 | D        | Noticed a swamp dragon
  9715 | D        | Noticed a swamp dragon
  9715 | D        | Noticed a swamp dragon
  9720 | D        | Killed a seven-headed hydra
  9721 | D        | Noticed a six-headed hydra
  9728 | D        | Noticed a swamp drake
  9733 | D        | Noticed a six-headed hydra
  9737 | D        | Killed a swamp dragon
  9738 | D        | Noticed a seven-headed hydra
  9749 | D        | Killed a swamp dragon
  9753 | D        | Noticed a six-headed hydra
  9758 | D        | Killed a swamp dragon
  9762 | D        | Killed a six-headed hydra
  9762 | D        | Reached skill level 23 in Fighting
  9769 | D        | Killed a six-headed hydra
  9773 | D        | Noticed a bog body
  9773 | D        | Killed a seven-headed hydra
  9781 | D        | Killed a six-headed hydra
  9782 | D        | Noticed a swamp dragon
  9782 | D        | Noticed an eight-headed hydra
  9784 | D        | Killed a swamp drake
  9786 | D        | Noticed an eight-headed hydra
  9789 | D        | Killed a bog body
  9801 | D        | Killed a swamp dragon
  9806 | D        | Killed an eight-headed hydra
  9813 | D        | Killed an eight-headed hydra
  9815 | D        | Got a decaying rune of Zot
  9858 | D        | Noticed a merfolk aquamancer
  9858 | D        | Noticed a merfolk aquamancer
  9858 | D        | Noticed a merfolk javelineer
  9858 | D        | Noticed a merfolk javelineer
  9859 | D        | Noticed a merfolk javelineer
  9861 | D        | Noticed Ilsuiw
  9864 | D        | Killed a merfolk aquamancer
  9866 | D        | Noticed a merfolk aquamancer
  9874 | D        | Killed a merfolk aquamancer
  9895 | D        | Noticed a merfolk impaler
  9900 | D        | Killed a merfolk aquamancer
  9901 | D        | Noticed a merfolk aquamancer
  9953 | D        | Killed a merfolk javelineer
  9967 | D        | Killed a merfolk javelineer
  9980 | D        | Killed a merfolk impaler
  9996 | D        | Killed a merfolk javelineer
 10078 | D        | Noticed a merfolk impaler
 10082 | D        | Noticed a merfolk avatar
 10090 | D        | Killed a merfolk impaler
 10102 | D        | Killed a merfolk avatar
 10102 | D        | Reached skill level 24 in Fighting
 10104 | D        | Noticed a merfolk impaler
 10117 | D        | Killed a merfolk impaler
 10122 | D        | Noticed a merfolk impaler
 10132 | D        | Killed a merfolk aquamancer
 10145 | D        | Killed a merfolk impaler
 10258 | D        | Got a barnacled rune of Zot
 10265 | D        | Noticed a moth of wrath
 10265 | D        | Noticed a jumping spider
 10265 | D        | Noticed a demonic crawler
 10265 | D        | Noticed an emperor scorpion
 10270 | D        | Noticed a wolf spider
 10270 | D        | Killed a moth of wrath
 10275 | D        | Noticed a moth of wrath
 10277 | D        | Killed a demonic crawler
 10278 | D        | Banished an emperor scorpion
 10287 | D        | Killed a wolf spider
 10288 | D        | Noticed a ghost moth
 10291 | D        | Killed a moth of wrath
 10296 | D        | Killed a ghost moth
 10299 | D        | Killed a jumping spider
 10315 | D        | Noticed an emperor scorpion
 10363 | D        | Killed an emperor scorpion
 10447 | D        | Noticed an emperor scorpion
 10448 | D        | Noticed a ghost moth
 10449 | D        | Noticed an emperor scorpion
 10465 | D        | Killed an emperor scorpion
 10472 | D        | Killed a ghost moth
 10497 | D        | Killed an emperor scorpion
 10498 | D        | Noticed a ghost moth
 10499 | D        | Noticed a jumping spider
 10508 | D        | Killed a ghost moth
 10517 | D        | Killed a jumping spider
 10521 | D        | Got a gossamer rune of Zot
 10695 | D        | Noticed Mennas
 10763 | D        | Killed Mennas
 10763 | D        | Reached skill level 25 in Fighting
 10763 | D        | Gained mutation: You are mostly covered in sharp spines. [demonic ancestry]
 10763 | D        | Reached XP level 16. HP: 39/162 MP: 28/28
 11340 | D        | Killed an iron dragon
 11914 | D        | Identified a +6 demon whip of distortion (a +4 demon whip corrupted by Lugonu)
 12978 | D        | Noticed a vault guard
 12978 | D        | Noticed a vault guard
 12978 | D        | Noticed a vault guard
 12978 | D        | Noticed a vault guard
 12980 | D        | Noticed a vault guard
 12986 | D        | Noticed a vault guard
 12987 | D        | Banished a vault guard
 12993 | D        | Killed a vault guard
 12994 | D        | Banished a vault guard
 12995 | D        | Noticed a vault guard
 12996 | D        | Noticed a vault guard
 12996 | D        | Killed a vault guard
 12999 | D        | Noticed a vault guard
 13000 | D        | Killed a vault guard
 13024 | D        | Killed a vault guard
 13033 | D        | Killed a vault guard
 13040 | D        | Noticed a vault guard
 13053 | D        | Killed a vault guard
 13060 | D        | Noticed a vault guard
 13068 | D        | Killed a vault guard
 13071 | D        | Noticed a vault guard
 13072 | D        | Noticed a vault guard
 13073 | D        | Noticed a vault guard
 13075 | D        | Noticed a vault guard
 13077 | D        | Noticed a vault guard
 13091 | D        | Noticed a vault guard
 13093 | D        | Killed a vault guard
 13094 | D        | Noticed a vault guard
 13098 | D        | Noticed a vault guard
 13101 | D        | Noticed a vault guard
 13106 | D        | Killed a vault guard
 13107 | D        | Killed a vault guard
 13115 | D        | Killed a vault guard
 13123 | D        | Killed a vault guard
 13229 | D        | Noticed a vault guard
 13233 | D        | Noticed a vault guard
 13235 | D        | Noticed a vault guard
 13242 | D        | Noticed a vault guard
 13245 | D        | Noticed a vault guard
 13256 | D        | Killed a vault guard
 13256 | D        | Reached skill level 26 in Fighting
 13260 | D        | Killed a vault guard
 13273 | D        | Noticed a yaktaur
 13273 | D        | Noticed a freezing wraith
 13273 | D        | Noticed an ironbrand convoker
 13273 | D        | Noticed a swamp dragon
 13274 | D        | Noticed an ancient lich
 13274 | D        | a swamp dragon changed into a mana viper
 13277 | D        | Killed a yaktaur
 13283 | D        | Killed a freezing wraith
 13284 | D        | Noticed a freezing wraith
 13284 | D        | Noticed a deep elf fighter
 13286 | D        | Killed an ironbrand convoker
 13287 | D        | Noticed a stone giant
 13291 | D        | Noticed a storm dragon
 13293 | D        | Banished an ancient lich
 13297 | D        | Banished a freezing wraith
 13300 | D        | Noticed a vault sentinel
 13301 | D        | Noticed a shadow dragon
 13303 | D        | Noticed a yaktaur
 13318 | D        | Banished a shadow dragon
 13325 | D        | Killed a vault sentinel
 13326 | D        | Noticed a shadow dragon
 13328 | D        | Killed a yaktaur
 13329 | D        | Noticed an ironbrand convoker
 13334 | D        | Noticed a vault sentinel
 13338 | D        | Noticed an ice dragon
 13342 | D        | Killed a storm dragon
 13344 | D        | Noticed a spriggan baker
 13344 | D        | Noticed Gloorx Vloq
 13344 | D        | Killed a spriggan baker
 13352 | D        | Noticed a shadow wraith
 13353 | D        | Killed an ironbrand convoker
 13355 | D        | Killed a shadow dragon
 13392 | D        | Killed a vault sentinel
 13402 | D        | Banished a shadow wraith
 13424 | D        | HP: 2/165 [Gloorx Vloq/foul vapour (18)]
 13426 | D        | Engulfed by Gloorx Vloq's foul pestilence

Vault maps used:
D:        linesprint

Action                   |  1- 3 |  4- 6 |  7- 9 | 10-12 | 13-15 | 16-18 || total
-------------------------+-------+-------+-------+-------+-------+-------++-------
Melee: Mace              |    32 |       |       |       |       |       ||    32
       Dire flail        |     6 |    18 |    89 |   461 |   415 |       ||   989
       Demon whip        |       |       |       |       |   579 |   223 ||   802
Invok: Banish            |       |       |     5 |    21 |    15 |       ||    41
       Bend Space        |       |       |     1 |     2 |    16 |     1 ||    20
Evoke: Wand              |       |       |       |     4 |    13 |       ||    17
  Use: Potion            |     1 |       |       |     2 |     9 |     7 ||    19
       Scroll            |       |       |       |       |     1 |     4 ||     5
 Stab: Sleeping          |       |       |       |     1 |       |       ||     1
       Distracted        |       |       |       |     1 |       |       ||     1
  Eat: Chunk             |       |       |     3 |    14 |     7 |     1 ||    25
       Bread ration      |       |       |       |     1 |     2 |     1 ||     4
       Meat ration       |       |       |       |       |     2 |     1 ||     3
       Fruit             |       |       |       |       |     2 |       ||     2
